Map: Acropolis LE

Players

Parkkatz

  • Race: Zerg Zerg
  • League: Platinum
  • Spawn Location: 5:00

Mako - Winner!

  • Race: Zerg Zerg
  • League: Platinum
  • Spawn Location: 11:00

VOD

Have the link to the VOD?

Description

Time

  • Played on: July 4, 2019, 10:31 a.m.
  • Length: 17:28
Show
View Real Time Build Order
Export as new Build Order

Parkkatz Zerg 

Build Orders: Hatch First 

Get SALT Encoding   

  12  0:01  Drone  
  13  0:12  Overlord  
  13  0:19  Drone  
  14  0:31  Drone x2  
  16  0:35  Drone  
  17  0:45  Drone  
  18  0:56  Hatchery  
  17  0:59  Extractor  
  17  1:00  Drone  
  17  1:14  Spawning Pool  
  17  1:16  Drone  
  17  1:20  Drone  
  18  1:30  Drone  
  19  1:39  Overlord  
  19  2:02  Queen  
  19  2:06  Zergling x4  
  23  2:08  Queen  
  23  2:09  Zergling x2  
  26  2:18  Metabolic Boost  
  26  2:24  Drone  
  26  2:25  Drone x2  
  29  2:37  Overlord  
  29  2:38  Drone  
  29  2:43  Queen  
  29  2:44  Queen  
  34  3:00  Drone  
  34  3:01  Drone x3  
  38  3:11  Drone x2  
  40  3:17  Overlord  
  40  3:24  Baneling Nest  
  39  3:28  Hatchery  
  39  3:29  Drone x3  
  41  3:34  Drone x2  
  41  3:35  Drone  
  43  3:51  Roach Warren  
  43  3:53  Evolution Chamber  
  39  3:56  Drone x3  
  39  3:59  Extractor x2  
  39  4:00  Drone  
  39  4:01  Drone  
  42  4:08  Drone x3  
  42  4:09  Drone x2  
  47  4:17  Drone  
  47  4:19  Overlord  
  48  4:28  Lair  
  48  4:39  Zergling x2  
  48  4:40  Zergling x12  
  55  4:48  Roach x4  
  55  4:49  Roach  
  55  4:52  Overlord  
  65  5:01  Zergling x2  
  65  5:03  Zerg Missile Weapons Level 1  
  66  5:11  Queen  
  68  5:14  Roach x2  
  68  5:15  Roach  
  74  5:24  Overlord  
  74  5:27  Glial Reconstitution  
  74  5:32  Overlord  
  74  5:47  Drone x4  
  74  5:48  Centrifical Hooks  
  78  5:52  Roach x4  
  78  5:53  Roach  
  88  6:03  Drone  
  88  6:04  Drone  
  89  6:10  Infestation Pit  
  89  6:11  Extractor  
  87  6:13  Overlord  
  87  6:14  Overlord  
  87  6:15  Overlord  
  87  6:17  Roach  
  89  6:30  Baneling x2  
  89  6:31  Baneling x4  
  89  6:32  Roach  
  93  6:33  Roach  
  93  6:37  Drone  
  93  6:38  Drone x3  
  97  6:43  Roach x3  
  97  6:44  Roach x2  
  107  6:53  Roach x3  
  113  7:22  Hive  
  113  7:24  Overlord  
  113  7:25  Overlord x3  
  113  7:29  Baneling  
  113  7:30  Baneling x5  
  98  8:02  Evolution Chamber  
  98  8:03  Evolution Chamber  
  92  8:15  Roach  
  92  8:16  Roach x23  
  92  8:17  Roach  
  106  8:30  Zerg Ground Armor Level 1  
  106  8:32  Zergling x24  
  115  8:58  Ravager x4  
  115  9:01  Drone x2  
  115  9:02  Drone x4  
  125  9:05  Extractor x2  
  125  9:08  Spore Crawler  
  122  9:11  Spore Crawler  
  122  9:13  Overseer  
  122  9:14  Overlord x3, Hydralisk Den  
  122  9:15  Roach  
  124  9:17  Roach  
  124  9:20  Drone x2  
  124  9:21  Drone  
  124  9:22  Drone x3  
  130  9:26  Zerg Melee Weapons Level 1  
  130  9:28  Baneling  
  130  9:30  Baneling  
  130  9:32  Baneling  
  130  9:35  Drone x4  
  130  9:37  Baneling x2  
  125  9:56  Queen  
  127  10:04  Spore Crawler  
  126  10:07  Muscular Augments  
  126  10:21  Hatchery  
  113  10:40  Zergling x2  
  113  10:41  Zergling x42  
  120  10:47  Roach x2  
  120  10:49  Pneumatized Carapace  
  122  10:52  Zerg Missile Weapons Level 2  
  122  11:03  Baneling  
  122  11:04  Baneling x15  
  122  11:07  Ravager x2  
  122  11:08  Ravager x4  
  127  11:26  Overseer  
  127  11:33  Hydralisk x3  
  127  11:34  Hydralisk x5  
  138  11:41  Overlord x3  
  137  11:55  Zergling x2  
  137  11:56  Zergling x36  
  137  11:57  Zergling x2  
  137  11:59  Spine Crawler  
  99  12:16  Hydralisk x5  
  99  12:22  Spire  
  104  12:23  Zergling x2  
  104  12:24  Overseer, Zergling x6  
  104  12:28  Grooved Spines  
  102  12:31  Drone x3  
  103  12:38  Queen  
  103  12:42  Drone x4  
  109  12:51  Overseer x2  
  109  12:57  Drone  
  109  12:58  Drone x3  
  113  13:01  Drone  
  113  13:02  Baneling  
  113  13:03  Baneling  
  113  13:04  Baneling  
  114  13:06  Baneling  
  114  13:13  Drone  
  114  13:14  Drone x3  
  120  13:28  Queen  
  120  13:29  Drone x4  
  120  13:30  Drone  
  125  13:38  Zerg Melee Weapons Level 2  
  125  13:41  Hydralisk  
  125  13:42  Hydralisk  
  129  13:49  Greater Spire  
  129  13:54  Zerg Missile Weapons Level 3  
  129  13:55  Hydralisk  
  129  13:56  Hydralisk  
  129  14:01  Drone x3  
  129  14:02  Drone x2  
  138  14:03  Drone  
  138  14:09  Hydralisk x2  
  141  14:10  Hydralisk  
  145  14:26  Baneling x6  
  145  14:27  Baneling x5  
  145  14:37  Spine Crawler  
  144  14:41  Adrenal Glands  
  144  14:44  Hydralisk  
  146  14:51  Drone x3, Extractor  
  146  14:52  Drone x4  
  152  14:53  Drone, Extractor  
  152  14:54  Drone x2  
  152  14:55  Drone x3  
  152  14:58  Zergling x10  
  162  15:09  Corruptor  
  162  15:10  Corruptor x3  
  156  15:35  Spine Crawler x2  
  154  15:39  Corruptor  
  154  15:40  Corruptor x2  
  134  15:56  Brood Lord  
  135  16:03  Brood Lord  
  128  16:08  Queen  
  105  16:26  Queen  
  105  16:27  Drone x4  
  111  16:41  Hatchery  
  111  16:43  Spine Crawler  
  111  16:46  Spine Crawler  
Show
View Real Time Build Order
Export as new Build Order

Mako Zerg - Winner!

Build Orders: Hatch First, Lurkers 

Get SALT Encoding   

  12  0:02  Drone  
  13  0:13  Overlord  
  13  0:16  Drone  
  14  0:31  Drone x2  
  16  0:36  Drone  
  17  0:46  Drone  
  18  0:55  Hatchery  
  17  1:00  Extractor  
  17  1:01  Drone  
  17  1:17  Spawning Pool  
  16  1:34  Drone x3  
  19  2:09  Queen  
  19  2:10  Queen  
  19  2:12  Zergling x6  
  19  2:13  Zergling x2  
  27  2:20  Drone  
  28  2:27  Overlord  
  28  3:03  Drone x6  
  33  3:18  Zergling x4  
  35  3:20  Overlord  
  35  3:26  Roach Warren  
  34  3:30  Metabolic Boost  
  34  3:34  Lair  
  34  3:35  Queen  
  34  3:41  Evolution Chamber  
  35  3:42  Drone x5, Evolution Chamber  
  35  3:43  Drone x2  
  41  4:02  Drone x2  
  43  4:03  Drone  
  44  4:16  Extractor  
  43  4:17  Extractor  
  43  4:19  Zerg Melee Weapons Level 1  
  43  4:20  Zerg Ground Armor Level 1  
  42  4:26  Hatchery  
  42  4:27  Drone x2  
  42  4:28  Drone  
  44  4:42  Overlord x3  
  44  4:46  Glial Reconstitution  
  44  4:53  Extractor  
  43  5:09  Roach x6  
  43  5:11  Roach  
  57  5:22  Drone x4  
  61  5:40  Queen  
  61  5:41  Overlord  
  61  5:42  Overlord  
  63  5:44  Drone x2  
  63  5:45  Drone x2  
  67  5:55  Drone x3  
  70  6:10  Roach x2  
  70  6:11  Roach x4  
  82  6:14  Zerg Missile Weapons Level 1  
  82  6:19  Tunneling Claws  
  82  6:24  Burrow  
  82  6:25  Overlord  
  82  6:27  Drone x3  
  85  6:38  Overlord  
  85  6:43  Drone x3, Hydralisk Den  
  85  6:45  Drone x4  
  91  6:47  Drone  
  91  6:49  Drone  
  90  7:13  Roach x5  
  90  7:14  Roach x4  
  90  7:15  Overlord x2  
  106  7:18  Grooved Spines  
  106  7:25  Lurker Den  
  106  7:26  Zergling x2  
  106  7:50  Zergling x2  
  106  7:51  Zergling x28  
  105  7:52  Roach x10  
  105  7:57  Zergling x6  
  109  8:00  Ravager x5  
  109  8:01  Ravager  
  111  8:39  Overlord x2  
  111  8:40  Hatchery, Overlord  
  110  8:44  Hatchery  
  110  8:45  Pneumatized Carapace  
  107  9:07  Hydralisk  
  107  9:08  Hydralisk x8  
  125  9:24  Muscular Augments  
  125  9:25  Zergling x4  
  127  9:36  Zergling x4  
  121  9:48  Roach x2  
  121  9:49  Roach x2  
  121  9:50  Lurker x6  
  132  9:53  Lurker  
  132  9:59  Drone x3  
  136  10:00  Drone x3  
  136  10:03  Roach x2  
  136  10:04  Roach  
  144  10:07  Extractor  
  144  10:08  Extractor  
  144  10:11  Drone x2, Spine Crawler  
  144  10:13  Drone, Spine Crawler  
  144  10:14  Drone, Spine Crawler  
  143  10:15  Spine Crawler  
  143  10:18  Drone  
  109  10:53  Zergling x26  
  109  10:54  Zergling x4  
  109  10:56  Ravager  
  125  11:08  Drone x4  
  125  11:09  Queen  
  131  11:21  Infestation Pit, Overlord x2  
  131  11:25  Hatchery  
  122  11:26  Roach x4  
  122  11:27  Roach x2  
  122  11:31  Spine Crawler  
  133  11:33  Spine Crawler  
  133  11:38  Roach x4  
  132  11:50  Hydralisk x6  
  94  12:17  Zergling x2  
  94  12:18  Zergling x16  
  103  12:23  Zergling x6  
  103  12:28  Spine Crawler  
  103  12:29  Lurker x6  
  105  12:37  Zergling x2  
  105  12:38  Zergling x6  
  109  12:46  Drone x4  
  113  13:03  Hydralisk x3, Nydus Network  
  113  13:04  Hydralisk x5  
  128  13:18  Drone  
  128  13:19  Drone x3  
  132  13:26  Hive  
  132  13:27  Pathogen Glands  
  132  13:29  Zergling x6  
  132  13:30  Zergling x8  
  132  13:32  Extractor  
  138  13:34  Hatchery, Overseer  
  138  13:35  Overseer  
  138  13:37  Hydralisk  
  138  13:40  Drone x4  
  143  13:41  Drone x2  
  143  13:45  Extractor  
  143  13:46  Queen  
  146  13:49  Drone x2  
  146  13:50  Drone x3  
  151  13:58  Lurker x2  
  151  13:59  Lurker  
  154  14:05  Lurker  
  155  14:10  Lurker  
  155  14:15  Lurker  
  157  14:20  Lurker  
  158  14:26  Lurker  
  159  14:43  Hydralisk x6  
  159  14:44  Hydralisk  
  173  14:49  Nydus Canal  
  173  14:53  Zergling x14  
  173  14:55  Overlord x3  
  180  15:18  Nydus Canal  
  180  15:22  Hydralisk x8  
  180  15:23  Hydralisk x2  
  200  15:34  Nydus Canal  
  191  16:06  Zergling x2  
  191  16:07  Zergling x22  
  191  16:08  Zergling x6  
  184  16:20  Hydralisk x5  
  191  16:27  Spore Crawler  
  191  16:30  Spore Crawler x2  
  191  16:31  Spore Crawler  
  191  16:32  Spore Crawler  
  186  16:37  Nydus Canal  
  184  16:40  Hydralisk  
  184  16:41  Hydralisk x7  
  200  16:49  Overlord x2  
Tags
 
Composition
Lurkers
Matchup
ZvZ
Race
Zerg
Replay Pack
SC2 replays
Spawn Locations
Cross Positions
Add a new tag
Caveats
  • Supply blocks, unpowered buildings, or Contaminate may cause inaccurate times.
  • Supply counts are checked every 10 seconds.